 Dungeon Crawl Stone Soup version 0.21-a0-84-g85d6d27 (webtiles) character file.

214 wazuzu the Firebug (level 5, -1/42 HPs)
             Began as a Naga Fire Elementalist on June 24, 2017.
             Slain by an ice beast (9 damage)
             ... on level 3 of the Dungeon.
             The game lasted 00:15:01 (2752 turns).

wazuzu the Firebug (Naga Fire Elementalist)         Turns: 2752, Time: 00:15:02

Health: -1/42      AC:  4    Str: 10    XL:     5   Next: 91%
Magic:  6/10       EV: 10    Int: 17    God:
Gold:   226        SH:  0    Dex: 11    Spells: 9/10 levels left

rFire    . . .     SeeInvis +   f - +0 trident
rCold    . . .     Gourm    .   (no shield)
rNeg     . . .     Faith    .   a - +0 robe
rPois    +         Spirit   .   (no helmet)
rElec    .         Reflect  .   l - +1 cloak
rCorr    .         Harm     .   (no gloves)
MR       .....                  (no barding)
Stlth    +++.......             (no amulet)
HPRegen  0.14/turn              q - ring of stealth
MPRegen  0.12/turn              (no ring)

@: very slow
A: see invisible, deformed body, poison resistance, slowness 2, slow metabolism
1, spit poison 1, AC +1
a: Spit Poison


You were on level 3 of the Dungeon.
You were not hungry.

You visited 1 branch of the dungeon, and saw 3 of its levels.

You collected 226 gold pieces.

Inventory:

Hand Weapons
 f - a +0 trident (weapon)
Armour
 a - a +0 robe (worn)
 l - a +1 cloak (worn)
Jewellery
 q - a ring of stealth (left hand)
Scrolls
 d - a scroll of remove curse {unknown}
 e - a scroll of teleportation {unknown}
 g - 4 scrolls of identify {unknown}
 h - a scroll of magic mapping {unknown}
 i - a scroll of recharging {unknown}
 n - a scroll of noise {unknown}
 o - a scroll of immolation {unknown}
 p - a scroll of random uselessness {unknown}
Potions
 j - a potion of curing {unknown}
 r - a potion of haste {unknown}
Books
 b - a book of Flames

   Spells                             Type                      Level
   a - Flame Tongue                   Conjuration/Fire             1
   b - Throw Flame                    Conjuration/Fire             2
   c - Conjure Flame                  Conjuration/Fire             3
   d - Inner Flame                    Hexes/Fire                   3
   e - Sticky Flame                   Conjuration/Fire             4
   f - Fireball                       Conjuration/Fire             5
Comestibles
 c - 2 bread rations
 k - 5 chunks of flesh
 m - a meat ration


   Skills:
 - Level 1.5 Dodging
 + Level 3.2 Stealth
 + Level 3.4 Spellcasting
 + Level 3.1 Conjurations
 + Level 4.4 Fire Magic


You had 9 spell levels left.
You knew the following spells:

 Your Spells              Type           Power        Failure   Level  Hunger
a - Flame Tongue          Conj/Fire      ###..        3%          1    None


Dungeon Overview and Level Annotations

Branches:
Dungeon (3/15)

Altars:
Cheibriados


Innate Abilities, Weirdness & Mutations

You cannot wear boots.
Your serpentine skin is tough. (AC +1)
You have supernaturally acute eyesight. (SInv)
Armour fits poorly on your strangely shaped body.
Your system is resistant to poisons. (rPois)
You cover ground very slowly.
You have a slow metabolism.
You can spit poison.


Message History

Casting: Flame Tongue
Confirm with ! or Enter, or press ? or * to list all spells!
Aiming: Flame Tongue
Press: ? - help, Shift-Dir - straight line, f/p - ice beast
Aim: an ice beast (moderately wounded)
The flame tongue hits the ice beast!
The ice beast melts!!!
The ice beast is heavily wounded!
The ice beast hits you!
The ice beast freezes you!!! * * * don't die
* * *
Casting: Flame Tongue
Confirm with ! or Enter, or press ? or * to list all spells!
Aiming: Flame Tongue
Press: ? - help, Shift-Dir - straight line, f/p - ice beast
Aim: an ice beast (heavily wounded)
The flame tongue hits the ice beast!
The ice beast appears unharmed!
The ice beast is heavily wounded!
The ice beast hits you! * * * don't die
* * * The ice beast freezes you!!! rip

.## ##### #.(.
#######.####
#...Y......# ###
#.#####.##........
#Y# #.# ###### #@#
#.# #.# #.# #(#
#Y# #.# #.. #.#
### #.# #.# #.#
#.#


You could see an ice beast.

Vanquished Creatures
  Crazy Yiuf (D:2)
  An orc wizard (D:3)
  Terence (D:2)
  Natasha (twice) (D:2)
  2 dart slugs
  3 worms
  2 orcs (D:3)
  9 bats
  2 giant cockroaches (D:2)
  5 goblins
  6 hobgoblins
  10 jackals
  5 kobolds
  A quokka (D:2)
  3 ball pythons (D:3)
  4 frilled lizards (D:3)
  8 rats
65 creatures vanquished.

Notes
Turn   | Place    | Note
-------+----------+-------------------------------------------
     0 | D:1      | wazuzu the Naga Fire Elementalist began the quest for the Orb.
     0 | D:1      | Reached XP level 1. HP: 15/15 MP: 3/3
   367 | D:1      | Reached XP level 2. HP: 22/22 MP: 3/5
  1109 | D:2      | Reached XP level 3. HP: 16/28 MP: 0/6
  1318 | D:2      | Noticed Terence
  1331 | D:2      | Killed Terence
  1334 | D:2      | HP: 1/28 [hobgoblin/club (6)]
  1676 | D:2      | Reached XP level 4. HP: 23/36 MP: 6/8
  1737 | D:2      | Found a runed door.
  1741 | D:2      | Noticed Crazy Yiuf
  1747 | D:2      | Killed Crazy Yiuf
  1844 | D:2      | Noticed Natasha
  1848 | D:2      | Killed Natasha
  1848 | D:2      | Reached skill level 4 in Fire Magic
  1861 | D:2      | Reached XP level 5. HP: 42/42 MP: 7/9
  1879 | D:2      | Noticed Natasha
  1884 | D:2      | Killed Natasha
  2278 | D:3      | Found a snail-covered altar of Cheibriados.
  2738 | D:3      | Noticed an ice beast
  2752 | D:3      | Slain by an ice beast

Vault maps used:
D:1:      dpeg_arrival_three_smaller_balls
D:2:      first_bread, minmay_distorted, uniq_terence, uniq_natasha,
          uniq_crazy_yiuf_cottage
D:3:      cheibriados_altar_1

Skill      XL: |  1  2  3  4  5 |
---------------+----------------+-----
Conjurations   | 2 3 |  3.1
Spellcasting   | 3 |  3.4
Fire Magic     | 4 |  4.4
Dodging        | |  1.5
Stealth        | |  3.2

Action                   |  1- 3 |  4- 6 || total
-------------------------+-------+-------++-------
Melee: Spear             |    16 |       ||    16
       Trident           |     3 |    57 ||    60
 Cast: Flame Tongue      |    36 |    52 ||    88
 Abil: Spit Poison       |     5 |     4 ||     9
 Stab: Sleeping          |     1 |     4 ||     5
  Eat: Chunk             |     2 |     3 ||     5
Armor: Robe              |       |    30 ||    30
Dodge: Dodged            |    17 |    41 ||    58
